 Seeded DCSS version 0.29.1-15-g9cfb28693d (webtiles) character file.

Game seed: 12299140089186560016 (custom seed)

1584 Gelion the Cudgeller (level 8, 0/87 HPs)
             Began as an Ogre Gladiator on Mar 15, 2023.
             Succumbed to a water moccasin's poison
             ... on level 5 of the Dungeon.
             The game lasted 00:11:52 (6605 turns).

Gelion the Cudgeller (Ogre Gladiator)               Turns: 6605, Time: 00:11:53

Health: 0/87       AC:  3    Str: 21    XL:     8   Next: 92%
Magic:  8/8        EV: 10    Int:  9    God:
Gold:   299        SH:  0    Dex: 10    Spells: 7/7 levels left

rFire   + . .      SeeInvis .   f - +4 giant spiked club (spect)
rCold   + . .      Faith    .   (shield currently unavailable)
rNeg    . . .      Spirit   .   b - +0 robe
rPois   +          Reflect  .   c - +0 hat
rElec   +          Harm     .   (no cloak)
rCorr   +          Rampage  .   (gloves unavailable)
Will    .....                   (boots unavailable)
Stlth   +.........              (no amulet)
HPRegen 0.24/turn               (no ring)
MPRegen 0.11/turn               (no ring)

@: brilliant, lethally poisoned (0 -> -17), resistant
A: large, unfitting armour, tough skin 1
a: no special abilities


You were on level 5 of the Dungeon.
You visited 1 branch of the dungeon, and saw 6 of its levels.

You collected 299 gold pieces.

Inventory:

Hand Weapons
 f - a +4 spectral giant spiked club (weapon)
Missiles
 d - 2 throwing nets
 e - a large rock
 k - 10 poisoned darts
 l - 6 boomerangs (quivered)
 s - 4 datura-tipped darts
Armour
 b - a +0 robe (worn)
 c - a +0 hat (worn)
Wands
 w - a wand of digging (5)
Scrolls
 h - 2 scrolls of butterflies
 j - 3 scrolls of magic mapping
 m - a scroll of summoning
 o - a scroll of teleportation
 p - a scroll of blinking
 q - 2 scrolls of poison
 r - 2 scrolls of amnesia
Potions
 a - 2 potions of mutation
 i - 2 potions of haste
 t - 2 potions of attraction


   Skills:
 + Level 7.5 Fighting
 * Level 7.6 Maces & Flails
 + Level 5.7 Throwing
 - Level 2.6 Dodging


You had 7 spell levels left.
You didn't know any spells.
Your spell library was empty.

Dungeon Overview and Level Annotations

Branches:
Dungeon (6/15)
 Temple: D:4-7

Altars:
Ashenzari
Cheibriados
Trog
Uskayaw
Vehumet
Wu Jian
Xom

Annotations:
D:3 2 transporters, AverageBear's ghost, amateur OpFi


Innate Abilities, Weirdness & Mutations

You are too large for most types of armour.
You have tough skin. (AC +1)


Message History

The water moccasin is severely wounded.
The water moccasin closely misses you. The water moccasin barely misses you.
You barely miss the water moccasin.
The water moccasin is severely wounded.
The water moccasin bites you! The water moccasin misses you.
You barely miss the water moccasin.
The water moccasin is severely wounded.
The water moccasin barely misses you. The water moccasin bites you.
You miss the water moccasin.
The water moccasin is severely wounded.
The water moccasin bites you.
You are poisoned.
The water moccasin poisons you! The water moccasin barely misses you.
You barely miss the water moccasin.
The water moccasin is severely wounded.
You feel very sick. The water moccasin bites you!
The water moccasin closely misses you.
You closely miss the water moccasin.
The water moccasin is severely wounded.
You feel very sick.
The water moccasin bites you but does no damage.
The water moccasin bites you!
* * * LOW HITPOINT WARNING * * *
You completely miss the water moccasin.
The water moccasin is severely wounded.
You feel very sick. The water moccasin bites you.
* * * LOW HITPOINT WARNING * * *
The water moccasin bites you.
* * * LOW HITPOINT WARNING * * *
You are lethally poisoned!
The water moccasin poisons you!
It was a potion of brilliance.
You feel clever all of a sudden.
* * * LOW HITPOINT WARNING * * *
You feel very sick.
The water moccasin bites you but does no damage.
It was a potion of resistance.
You feel protected.
You die...

.#......#....##...#.####
.###########.##.(.#.# .#
#..#...#.# .########
##.......# ........#
#......## .######.# #...>..#
.# #.# #..)o).# #######.#
####S### .....##.# #@#
####.##.# #.# ####.##.# #.#
######### ##......#
#.###....)..# #......#
#.#<#.#####.# #......#
#.#.#.# #.#
#......########.#.#.# #.#
###.#...........#...# #.#
####.####.....############.#


You could see a water moccasin and an orc priest.

Vanquished Creatures
  2 water moccasins (D:5)
  An orc warrior (D:4)
  2 black bears
  An ice beast (D:5)
  3 ogres
  2 necrophages (D:5)
  2 scorpions
  2 jellies (D:5)
  3 orc priests
  2 hounds
  3 orc wizards
  7 adders
  4 shadow imps (D:3)
  An ufetubus (D:5)
  A worm (D:4)
  2 dart slugs (D:1)
  20 orcs
  6 endoplasms
  6 giant cockroaches
  3 goblins
  15 hobgoblins
  3 jackals (D:1)
  4 quokkas
  8 ball pythons
  3 bats
  6 frilled lizards
  11 kobolds
  4 rats
127 creatures vanquished.

Notes
Turn   | Place    | Note
-------+----------+-------------------------------------------
     0 | D:1      | Gelion the Ogre Gladiator began the quest for the Orb.
     0 | D:1      | Reached XP level 1. HP: 22/22 MP: 1/1
    51 | D:1      | Reached XP level 2. HP: 20/29 MP: 2/2
   576 | D:1      | Reached XP level 3. HP: 37/37 MP: 3/3
  1956 | D:2      | Reached XP level 4. HP: 45/45 MP: 4/4
  2301 | D:3      | Found a transporter.
  2483 | D:3      | Found a bloodstained altar of Trog.
  2492 | D:3      | Found a shimmering altar of Xom.
  2493 | D:3      | Found a broken altar of Ashenzari.
  2493 | D:3      | Found a radiant altar of Vehumet.
  2494 | D:3      | Found a hide-covered altar of Uskayaw.
  2495 | D:3      | Found a snail-covered altar of Cheibriados.
  2833 | D:3      | Reached XP level 5. HP: 33/54 MP: 5/5
  2984 | D:3      | Found a transporter.
  2985 | D:3      | Noticed an ogre
  2985 | D:3      | Noticed an ogre
  2985 | D:3      | Noticed AverageBear's ghost (amateur OpFi)
  2986 | D:3      | Identified the +10 giant spiked club "Ylappur" {flame,
                  | rElec Str+5}
  2986 | D:3      | Noticed an ogre
  3234 | D:3      | Found a transporter.
  3317 | D:3      | Found a transporter.
  3437 | D:3      | Found an ornate altar of the Wu Jian Council.
  3818 | D:4      | Noticed an ogre
  3831 | D:4      | Killed an ogre
  3832 | D:4      | Reached XP level 6. HP: 47/65 MP: 6/6
  3861 | D:4      | Reached skill level 5 in Maces & Flails
  4039 | D:4      | Reached skill level 5 in Fighting
  4427 | D:4      | Identified a scroll of acquirement
  4427 | D:4      | Acquired a +4 spectral giant spiked club
  4460 | D:4      | Reached XP level 7. HP: 54/72 MP: 7/7
  4858 | D:5      | Entered Level 5 of the Dungeon
  5252 | D:5      | Reached XP level 8. HP: 80/84 MP: 8/8
  5307 | D:5      | Reached skill level 5 in Throwing
  6604 | D:5      | HP: 4/87 [poisoned by a water moccasin]
  6605 | D:5      | Succumbed to a water moccasin's poison

Illustrated notes

Levels and vault maps discovered:
D:1:      erik_arrival_triangle_medium, layout_loops_cross
D:2:      layout_loops_corners
D:3:      gammafunk_wand_slinger, layout_loops_ring, nzn_wu_jian_council_hall,
          minitemple, gammafunk_ghost_smash, minmay_ruptured
D:4:      layout_rooms
D:5:      layout_basic, minmay_between
D:6:      layout_rooms, nicolae_tso_carved_into_rock, kiku_gazebo_garden_becter,
          mainiacjoe_overflow_concentric_impassable, serial_bayou_lagoon_b

Skill      XL: |  1  2  3  4  5  6  7  8 |
---------------+-------------------------+-----
Maces & Flails | 3 4 5 6 7 |  7.6
Fighting       | 3 4 5 6 7 |  7.5
Throwing       | 3 4 5 |  5.7
Dodging        | |  2.6

Action                   |  1- 3 |  4- 6 |  7- 9 || total
-------------------------+-------+-------+-------++-------
Melee: Flail             |   114 |   123 |       ||   237
       Giant club        |       |    23 |       ||    23
       Giant spiked club |       |     6 |    72 ||    78
Throw: Boomerang         |       |    26 |     6 ||    32
       Throwing net      |       |     2 |       ||     2
Evoke: Wand              |       |     4 |       ||     4
  Use: Scroll            |       |     9 |     4 ||    13
       Potion            |       |     1 |     4 ||     5
 Stab: Sleeping          |     1 |       |     2 ||     3
       Paralysed         |       |     2 |       ||     2
Armor: Robe              |    26 |    35 |    16 ||    77
Dodge: Dodged            |    66 |    93 |    53 ||   212
